 Dungeon Crawl Stone Soup version 0.21.1-1-g345015f (webtiles) character file.

21171 shakethe the Reanimator (level 12, -1/104 HPs)
             Began as a Demonspawn Necromancer on Feb 18, 2018.
             Was an Elder of Makhleb.
             Killed from afar by Azrael (38 damage)
             ... with damnation
             ... on level 12 of the Dungeon on Feb 19, 2018.
             The game lasted 01:19:42 (14023 turns).

shakethe the Reanimator (Demonspawn Necromancer)   Turns: 14023, Time: 01:19:44

Health: -1/104     AC:  7    Str: 16    XL:     12   Next: 51%
Magic:  2/30       EV: 15    Int: 21    God:    Makhleb [****..]
Gold:   483        SH:  0    Dex: 14    Spells: 3/23 levels left

rFire    . . .     SeeInvis +   a - +3 quarterstaff (chaos)
rCold    . . .     Gourm    .   (shield currently unavailable)
rNeg     . . .     Faith    .   P - +0 robe of an ice cave {rElec rF- Regen+ Str+7}
rPois    .         Spirit   .   y - +0 hat
rElec    +         Reflect  .   A - +0 cloak {MR+}
rCorr    .         Harm     .   (no gloves)
MR       +....                  q - +0 pair of boots
Stlth    ++........             u - amulet of regeneration {+regen, !d}
HPRegen  2.07/turn              k - ring of magical power {MP+9}
MPRegen  0.22/turn              n - ring of see invisible {sInv, !d}

@: regenerating (expiring)
A: antennae 2, thin metallic scales 2, fire resistance 1, robust 1, spiny 2
a: Minor Destruction, Lesser Servant of Makhleb, Major Destruction, Renounce
Religion


You were on level 12 of the Dungeon.
You worshipped Makhleb.
Makhleb was greatly pleased with you.
You were hungry.

You visited 2 branches of the dungeon, and saw 13 of its levels.
You also visited: Labyrinth.

You collected 648 gold pieces.
You spent 165 gold pieces at shops.

Inventory:

Hand Weapons
 a - a +3 quarterstaff of chaos (weapon)
   (You took it off Crazy Yiuf on level 3 of the Dungeon)
Missiles
 H - 3 throwing nets {=f, !d}
Armour
 q - a +0 pair of boots (worn)
   (You found it on level 2 of the Dungeon)
 w - a +2 robe of positive energy
   (You took it off Jessica on level 2 of the Dungeon)
 y - a +0 hat (worn)
   (You found it on level 3 of the Dungeon)
 A - a +0 cloak of magic resistance (worn)
   (You took it off Crazy Yiuf on level 3 of the Dungeon)
 P - the +0 robe of an ice cave (worn) {rElec rF- Regen+ Str+7}
   (You bought it in a shop on level 8 of the Dungeon)

   It affects your strength (+7).
   It makes you vulnerable to fire.
   It insulates you from electricity.
   It increases your rate of regeneration.
Magical Staves
 b - an uncursed staff of energy {@w1+MP, hungerless spells, !d!a@w1}
   (You found it on level 5 of the Dungeon)
 S - a cursed staff of energy {@w1+MP, hungerless spells, !d!a@w1}
   (You found it on level 10 of the Dungeon)
Jewellery
 k - a ring of magical power (left hand) {MP+9}
   (You found it on level 2 of the Dungeon)
 n - a ring of see invisible (right hand) {sInv, !d}
   (You took it off a hobgoblin on level 2 of the Dungeon)
 t - a cursed ring of loudness {unknown}
   (You found it in a labyrinth)
 u - an amulet of regeneration (around neck) {+regen, !d}
   (You found it on level 2 of the Dungeon)
 v - a +5 ring of slaying {unknown}
   (You found it in a labyrinth)
 K - an uncursed ring of stealth {Stlth+}
   (You found it on level 6 of the Dungeon)
 L - an uncursed ring of protection from fire {unknown}
   (You found it on level 8 of the Dungeon)
 T - the ring "Fajuttuon" {*Drain +Fly Dex+7, unknown}
   (You found it in a labyrinth)

   [ring of flight]

   It affects your dexterity (+7).
   It lets you fly.
   It causes draining when unequipped.
Wands
 d - a wand of digging (21)
   (You found it on level 2 of the Dungeon)
 o - a wand of polymorph (32)
   (You found it on level 2 of the Dungeon)
 p - a wand of clouds (6)
   (You found it on level 8 of the Dungeon)
 r - a wand of flame (14)
   (You took it off Ijyb on level 3 of the Dungeon)
 E - a wand of acid (11)
   (You found it in a labyrinth)
 V - a wand of disintegration (20)
   (You found it on level 11 of the Dungeon)
Scrolls
 g - a scroll of fear
 i - 2 scrolls of remove curse
 l - 3 scrolls of fog
 x - 2 scrolls of enchant weapon
 B - 3 scrolls of teleportation
 C - 2 scrolls of blinking {!r}
 N - a scroll of holy word {!r!r}
 W - a scroll of immolation {!r}
 Z - 3 scrolls of identify
Potions
 e - 4 potions of haste
 f - 3 potions of agility
 h - a potion of mutation {!q}
 j - a potion of magic
 m - 3 potions of lignification {!q}
 s - 2 potions of resistance
 z - 3 potions of might
 D - 2 potions of cancellation
 G - a potion of berserk rage {!q}
 I - 6 potions of curing
 Q - 3 potions of flight {unknown}
 U - a potion of heal wounds
 X - a potion of brilliance {unknown}
Books
 F - a book of Necromancy
 J - a book of Misfortune
   (You found it on level 6 of the Dungeon)
 M - a Necronomicon
   (You found it in a labyrinth)
 O - a book of Frost
   (You found it on level 8 of the Dungeon)
Miscellaneous
 R - 2 phantom mirrors
Comestibles
 c - 23 rations
 Y - 27 chunks of flesh {@w0@w0}


   Skills:
 + Level 9.1 Fighting
 + Level 5.7 Dodging
 - Level 1.7 Stealth
 - Level 6.4 Spellcasting
 + Level 10.8 Necromancy
 + Level 4.6 Translocations
 + Level 10.6 Earth Magic
 + Level 6.7 Invocations
 - Level 5.0 Evocations


You had 3 spell levels left.
You knew the following spells:

 Your Spells              Type           Power        Failure   Level  Hunger
a - Pain                  Necr           ####         1%          1    None
b - Borgnjor's Vile Clut  Necr/Erth      ######....   3%          5    #####..
c - Animate Skeleton      Necr           N/A          1%          1    None
d - Gell's Gravitas       Tloc           ####......   4%          3    #......
r - Regeneration          Chrm/Necr      ####......   3%          3    #......
x - Vampiric Draining     Necr           ######....   1%          3    #......
A - Animate Dead          Necr           N/A          1%          4    ###....


Dungeon Overview and Level Annotations

Branches:
Dungeon (12/15)            Temple (1/1) D:7            Lair (0/6) D:11
    Orc (0/2) D:12

Altars:
Ashenzari
Cheibriados
Dithmenos
Elyvilon
Fedhas
Gozag
Hepliaklqana
Kikubaaqudgha
Makhleb
Nemelex Xobeh
Okawaru
Qazlal
Ru
Sif Muna
Trog
Uskayaw
Vehumet
Wu Jian
Xom
Yredelemnul
Zin

Shops:
D:8 [

Annotations:
D:12 Azrael


Innate Abilities, Weirdness & Mutations

You have a pair of antennae on your head.
You are mostly covered in thin metallic scales. (AC +3)
Your flesh is heat resistant. (rF+)
You are robust. (+10% HP)
You are mostly covered in sharp spines.


Message History

You kill the hell hound!
Makhleb accepts your kill.
You feel better.
The zombie hands constrict the necrophage!
The hell hound is struck by your spines.
The hell hound barely misses you.
Azrael escapes!
The hell hound barely misses you.
An orc comes into view. It is wielding a dagger.
You regained 9 hp, and now have 85/104 hp.
You barely miss the hell hound.
The zombie hands constrict the necrophage.
You destroy the necrophage!
Makhleb accepts your kill.
You feel better.
The hell hound is struck by your spines.
The hell hound closely misses you.
The green ugly thing tentacle-slaps you.
You regained 6 hp, and now have 91/104 hp.
Decaying hands burst forth from the earth!
Zombie hands grab the green ugly thing.
Zombie hands grab the two-headed ogre.
Zombie hands grab Azrael.
The zombie hands constrict Azrael.
The zombie hands constrict the green ugly thing.
The zombie hands constrict the two-headed ogre!
You hear a shout!
The green ugly thing is struck by your spines.
The green ugly thing tentacle-slaps you.
The hell hound is struck by your spines.
The hell hound barely misses you.
Azrael struggles to escape constriction.
The hell hound bites you but does no damage.
A fire elemental comes into view.
You take 4 damage, and have 87/104 hp.
You now have 10/30 mp.
You hit the hell hound but do no damage.
The zombie hands constrict Azrael!
The zombie hands constrict the green ugly thing!!
The zombie hands constrict the two-headed ogre!
The hell hound is struck by your spines.
The hell hound bites you.
Azrael escapes!
The green ugly thing misses you. The hell hound misses you.
The fire elemental moves out of view.
The hell hound barely misses you.
The green ugly thing tentacle-slaps you.
The hell hound is struck by your spines.
The hell hound bites you.
You take 5 damage, and have 82/104 hp.
You barely miss the hell hound.
The zombie hands constrict the green ugly thing!!
The zombie hands constrict the two-headed ogre!
The hell hound misses you. The hell hound bites you!
The hell hound is struck by your spines.
You kill the hell hound!
Makhleb accepts your kill.
You feel better.
The green ugly thing is struck by your spines.
The green ugly thing tentacle-slaps you!
You take 6 damage, and have 76/104 hp.
Aim: Azrael, wielding a scimitar of flaming (moderately wounded, slightly transparent) Decaying hands burst forth from the earth!
Zombie hands grab Azrael.
The green ugly thing is unaffected.
The two-headed ogre is unaffected.
Zombie hands grab the orc.
You are feeling hungry.
The zombie hands constrict the orc!
You kill the orc!
Makhleb accepts your kill.
The zombie hands constrict Azrael!
The zombie hands constrict the green ugly thing!
You kill the green ugly thing!
Makhleb accepts your kill.
The zombie hands constrict the two-headed ogre!
You kill the two-headed ogre!
Makhleb accepts your kill. The hell hound breathes flames at you.
The blast of flame hits you! Azrael gestures at you.
The sphere of damnation explodes!
The damnation engulfs you!
* * * LOW HITPOINT WARNING * * *
The damnation engulfs the hell hound.
The hell hound dies!
Unknown command.
You take 45 damage, and have 31/104 hp.
MASSIVE DAMAGE!!
You now have 6/30 mp.
Okay, then.
The zombie hands constrict Azrael!
Azrael struggles to escape constriction.
You see here a hell hound corpse.
You regained 2 hp, and now have 33/104 hp.
Your skin is crawling a little less now.
The zombie hands constrict Azrael!!
Azrael escapes!
You regained 2 hp, and now have 35/104 hp.
Aim: Azrael, wielding a scimitar of flaming (almost dead, slightly transparent) Decaying hands burst forth from the earth!
Zombie hands grab Azrael.
The fire elemental is unaffected.
The zombie hands constrict Azrael!
Azrael gestures at you.
The sphere of damnation explodes!
The damnation engulfs you!
You die...

,,,,,,,,,,,,..,,,,,,,§..,,,,,,,,,
,,,,******,,,..######..,,,,,,,,,,
,,,,******,,,,.#....§§,,,,,,,,,,,
,,,,*,,,,,,{,,,...§§#,*+****,,,,,
,,,,*,*****,,,,*)§§§*,*,,,,*,,,,,
,,,,*,##******###R#§#,*,,,,*,,,,,
,,,,*,#...#####...#.#,*,,,,*,,,,,
,,,,*,'.8.......8†).#,*,,,,',,,,,
,,,,***...#####.@.#...#,,,,*,,,,,
,,,,,,***#'###'#.##..[#,,,,**,***
,,,,,,* *#...##.#*,..#,,,,,*,*
,,,,,,* #.>.##.##...#,,,,,+,*
,,,,,,* *#...##.##...#,,,,,*,*
......####'###'#.##...#,,,,,*,***
......#...#* ##...#...#######,,,,
.?....'.8.# #)8.#..........,,,,
......#...# #)..#........#*****


You could see Azrael (invisible).

Vanquished Creatures
  A minotaur (Lab)
  A fire dragon (D:10)
  4 two-headed ogres
  2 unseen horrors (D:11)
  2 ugly things
  6 centaur skeletons
  A komodo dragon (D:11)
  A troll (D:11)
  4 hippogriffs
  15 yaks
  2 hungry ghosts
  2 wyverns
  A fire elemental (D:12)
  The ghost of Lanoc the Insei, an amateur OpTm (D:4)
  A water moccasin (D:9)
  3 hell hounds (D:12)
  5 orc warriors
  7 sky beasts
  An eye of draining (D:8)
  A phantom (D:6)
  A black bear (D:10)
  3 necrophages
  8 ogres
  4 centaurs
  2 big kobolds
  9 bullfrogs
  A wyvern skeleton (D:11)
  5 scorpions
  8 wights (D:9)
  3 killer bees (D:9)
  A spriggan skeleton (D:11)
  2 howler monkeys
  4 crimson imps
  4 jellies
  A quasit (D:7)
  2 bullfrog zombies
  2 gnoll shamans
  7 orc priests
  9 hounds
  Crazy Yiuf (D:3)
  15 orc wizards
  A bullfrog skeleton (D:11)
  Jessica (D:2)
  An iguana (D:10)
  9 worker ants
  Ijyb (D:3)
  Natasha (thrice) (D:3)
  2 hound skeletons
  A hound zombie (D:11)
  A worker ant zombie (D:7)
  Robin (D:2)
  9 adders
  12 gnolls
  2 shadow imps
  2 oozes
  An adder zombie (D:9)
  A worm (D:2)
  2 dart slugs
  2 leopard geckos (D:3)
  62 orcs
  3 giant cockroaches
  16 goblins
  13 hobgoblins
  17 jackals
  4 quokkas
  2 ball pythons
  11 bats
  6 frilled lizards
  A jackal skeleton (D:8)
  18 kobolds
  A leopard gecko skeleton (D:5)
  6 rats
  A plant (D:11)
366 creatures vanquished.

Vanquished Creatures (others)
  A hell hound (D:12)
  2 fungi (D:3)
3 creatures vanquished.

Grand Total: 369 creatures vanquished

Notes
Turn   | Place    | Note
-------+----------+-------------------------------------------
     0 | D:1      | shakethe the Demonspawn Necromancer began the quest for the Orb.
     0 | D:1      | Reached XP level 1. HP: 13/13 MP: 3/3
   306 | D:1      | HP: 3/14 [ooze (4)]
   340 | D:1      | Gained mutation: You are partially covered in thin metallic scales. (AC +2) [demonic ancestry]
   340 | D:1      | Reached XP level 2. HP: 4/20 MP: 0/5
   690 | D:1      | Reached skill level 1 in Fighting
  1024 | D:1      | Gained mutation: You are partially covered in sharp spines. [demonic ancestry]
  1024 | D:1      | Reached XP level 3. HP: 21/26 MP: 4/6
  1029 | D:1      | Learned a level 3 spell: Regeneration
  1033 | D:1      | Learned a level 3 spell: Vampiric Draining
  1374 | D:2      | Noticed Robin
  1713 | D:2      | Found an iron altar of Okawaru.
  1731 | D:2      | Killed Robin
  1731 | D:2      | Reached skill level 5 in Necromancy
  1940 | D:2      | Gained mutation: You have a pair of small antennae on your head. [demonic ancestry]
  1940 | D:2      | Reached XP level 4. HP: 29/33 MP: 8/8
  2030 | D:2      | Reached skill level 2 in Fighting
  2190 | D:2      | Reached skill level 3 in Spellcasting
  2368 | D:2      | Noticed Jessica
  2373 | D:2      | Killed Jessica
  2373 | D:2      | Gained mutation: You have a pair of antennae on your head. [demonic ancestry]
  2373 | D:2      | Reached XP level 5. HP: 37/39 MP: 9/9
  2875 | D:3      | Noticed Natasha
  2881 | D:3      | Killed Natasha
  2936 | D:3      | Reached skill level 3 in Fighting
  3231 | D:3      | Noticed Natasha
  3238 | D:3      | Killed Natasha
  3238 | D:3      | Reached XP level 6. HP: 45/47 MP: 11/11
  3277 | D:3      | Learned a level 5 spell: Borgnjor's Vile Clutch
  3339 | D:3      | Noticed Natasha
  3344 | D:3      | Killed Natasha
  3368 | D:3      | Found a runed door.
  3477 | D:3      | Noticed Ijyb
  3483 | D:3      | Killed Ijyb
  3483 | D:3      | Reached skill level 6 in Necromancy
  3776 | D:3      | Noticed Crazy Yiuf
  3785 | D:3      | Killed Crazy Yiuf
  3785 | D:3      | Reached skill level 4 in Spellcasting
  4131 | D:4      | HP: 12/48 [ogre/giant spiked club (13)]
  4133 | D:4      | Reached skill level 4 in Fighting
  4133 | D:4      | Reached XP level 7. HP: 13/54 MP: 12/13
  4137 | D:4      | HP: 11/54 [poisoned by a worker ant]
  4144 | D:4      | HP: 13/54 [poisoned by a worker ant]
  4151 | D:4      | HP: 13/54 [worker ant (4)]
  4169 | D:4      | Noticed Lanoc's ghost (amateur OpTm)
  4269 | D:4      | Killed Lanoc's ghost
  4483 | D:4      | Found a sparkling altar of Nemelex Xobeh.
  4925 | D:5      | Entered Level 5 of the Dungeon
  4931 | D:4      | Reached skill level 7 in Necromancy
  4988 | D:5      | Noticed a dagger
  4988 | D:5      | Noticed a dagger
  4989 | D:5      | Found a hide-covered altar of Uskayaw.
  5000 | D:5      | Reached skill level 5 in Spellcasting
  5010 | D:5      | Reached skill level 5 in Fighting
  5092 | D:5      | Gained mutation: You are mostly covered in sharp spines. [demonic ancestry]
  5092 | D:5      | Reached XP level 8. HP: 60/62 MP: 15/15
  5127 | D:5      | Found a hazy altar of Hepliaklqana.
  5441 | D:5      | Reached skill level 8 in Necromancy
  5655 | D:6      | Reached skill level 6 in Fighting
  5726 | D:5      | HP: 15/63 [orc warrior/short sword of flaming (3)]
  5729 | D:5      | Reached skill level 6 in Spellcasting
  5982 | D:6      | Learned a level 4 spell: Animate Dead
  5984 | D:6      | Learned a level 1 spell: Animate Skeleton
  5989 | D:6      | Reached XP level 9. HP: 70/71 MP: 13/18
  6119 | D:6      | Reached skill level 2 in Dodging
  6716 | D:7      | Reached skill level 1 in Earth Magic
  6716 | D:7      | Reached skill level 1 in Evocations
  6809 | D:7      | Reached skill level 7 in Fighting
  6829 | D:7      | Reached skill level 9 in Necromancy
  6885 | D:7      | Reached skill level 2 in Evocations
  6900 | D:7      | Reached skill level 2 in Earth Magic
  6934 | D:7      | Found a staircase to the Ecumenical Temple.
  6973 | D:7      | Reached skill level 3 in Dodging
  7003 | Temple   | Entered the Ecumenical Temple
  7151 | Temple   | Became a worshipper of Makhleb the Destroyer
  7654 | D:7      | Learned a level 3 spell: Gell's Gravitas
  7738 | D:8      | Reached skill level 1 in Invocations
  7753 | D:8      | Reached skill level 3 in Evocations
  7793 | D:8      | Reached skill level 1 in Translocations
  7848 | D:8      | Reached skill level 2 in Invocations
  8021 | D:8      | Found Diwny's Antique Armour Shoppe.
  8025 | D:8      | Gained mutation: You are mostly covered in thin metallic scales. (AC +3) [demonic ancestry]
  8025 | D:8      | Reached XP level 10. HP: 79/79 MP: 19/19
  8031 | D:8      | Bought a crude robe for 165 gold pieces
  8041 | D:8      | Identified the cursed +0 robe of an ice cave {rElec rF- Regen+ Str+7} (You bought it in a shop on level 8 of the Dungeon)
  8056 | D:8      | Reached skill level 9 in Earth Magic
  8056 | D:8      | Gained mutation: You are robust. (+10% HP) [demonic ancestry]
  8056 | D:8      | Reached XP level 11. HP: 79/92 MP: 20/20
  8496 | D:9      | Reached * piety under Makhleb
  8560 | D:9      | Found a glowing silver altar of Zin.
  8604 | D:9      | Noticed a two-headed ogre
  8609 | D:9      | Killed a two-headed ogre
  8735 | D:9      | Reached skill level 2 in Translocations
  8737 | D:9      | Reached skill level 3 in Invocations
  8813 | D:9      | Reached skill level 4 in Dodging
  8817 | D:9      | Reached skill level 4 in Evocations
  9035 | D:9      | Reached skill level 10 in Earth Magic
  9464 | D:10     | Entered Level 10 of the Dungeon
  9530 | D:10     | Found an opulent altar of Gozag.
  9536 | D:10     | Reached ** piety under Makhleb
  9547 | D:10     | Reached skill level 8 in Fighting
  9627 | D:10     | Noticed a fire dragon
  9636 | D:10     | Killed a fire dragon
  9636 | D:10     | Reached skill level 4 in Invocations
  9993 | D:10     | Noticed a two-headed ogre
  9998 | D:10     | Killed a two-headed ogre
  9998 | D:10     | Reached skill level 10 in Necromancy
 10009 | D:10     | Noticed a two-headed ogre
 10021 | D:10     | Killed a two-headed ogre
 10021 | D:10     | Reached skill level 3 in Translocations
 10574 | D:11     | Found a radiant altar of Vehumet.
 10704 | D:11     | Noticed a brown ugly thing
 10710 | D:11     | Killed a brown ugly thing
 10726 | D:11     | Found a staircase to the Lair.
 10774 | D:11     | Reached skill level 5 in Invocations
 10953 | D:11     | Noticed an unseen horror
 10957 | D:11     | Killed an unseen horror
 10957 | D:11     | Reached skill level 5 in Evocations
 10957 | D:11     | Gained mutation: Your flesh is heat resistant. (rF+) [demonic ancestry]
 10957 | D:11     | Reached XP level 12. HP: 100/103 MP: 16/21
 10982 | D:11     | Reached *** piety under Makhleb
 10998 | D:11     | Reached skill level 5 in Dodging
 11302 | D:12     | Reached skill level 4 in Translocations
 11307 | D:12     | Reached skill level 6 in Invocations
 11415 | D:12     | Reached **** piety under Makhleb
 11428 | D:12     | Found a labyrinth entrance.
 11437 | Lab      | Entered a labyrinth
 13756 | Lab      | Noticed a minotaur
 13763 | Lab      | Killed a minotaur
 13775 | Lab      | Got a pitted copper ring
 13801 | D:12     | Reached skill level 9 in Fighting
 13991 | D:12     | Found a staircase to the Orcish Mines.
 14010 | D:12     | Noticed Azrael
 14011 | D:12     | Noticed a two-headed ogre
 14020 | D:12     | Killed a two-headed ogre
 14023 | D:12     | Killed from afar by Azrael

Skill      XL: |  1  2  3  4  5  6  7  8  9 10 11 12 |
---------------+-------------------------------------+-----
Fighting       | 1 2 3 4 5 6 7 8 9 |  9.1
Necromancy     | 5 6 7 8 9 10 | 10.8
Spellcasting   | 3 4 5 6 |  6.4
Dodging        | 3 4 5 |  5.7
Earth Magic    | 2 9 10 | 10.6
Evocations     | 3 5 |  5.0
Invocations    | 2 5 6 |  6.7
Translocations | 1 3 4 |  4.6
Stealth        | |  1.7

Action                   |  1- 3 |  4- 6 |  7- 9 | 10-12 || total
-------------------------+-------+-------+-------+-------++-------
Melee: Unarmed           |    21 |       |       |       ||    21
       Dagger            |    14 |       |       |       ||    14
       Whip              |     1 |       |     7 |       ||     8
       Quarterstaff      |       |       |    42 |    36 ||    78
       Staff             |       |       |     1 |    16 ||    17
 Cast: Pain              |    70 |   156 |   250 |    65 ||   541
       Regeneration      |       |     2 |    12 |     3 ||    17
       Borgnjor's Vile C |       |       |     8 |   109 ||   117
       Gell's Gravitas   |       |       |       |     5 ||     5
       Animate Skeleton  |       |       |       |     1 ||     1
Evoke: Staff of energy   |       |       |    20 |    86 ||   106
       Wand              |       |       |       |     4 ||     4
  Use: Scroll            |       |       |    10 |    15 ||    25
       Potion            |       |       |     2 |     1 ||     3
 Stab: Sleeping          |       |       |     1 |       ||     1
       Paralysed         |       |       |     4 |       ||     4
  Eat: Chunk             |     4 |     4 |    15 |    26 ||    49
       Ration            |       |     1 |       |     3 ||     4
Armor: Robe              |    11 |    11 |    38 |    32 ||    92
Dodge: Dodged            |    34 |    23 |   109 |   106 ||   272

Vault maps used:
D:1:      saegor_arrival_simple_b, minivault_27
D:2:      okawaru_trees_2, kennysheep_small_spiral, roderic_serpentine_path,
          st_stairs_14, uniq_robin, uniq_jessica
D:3:      nicolae_overflow_hidden_temple, uniq_ijyb, uniq_natasha,
          uniq_crazy_yiuf_cottage
D:4:      kennysheep_mini_moat, first_ration, grunt_decor_clamped
D:5:      minmay_diamond_boxcup, dancing_weapons_uskayaw, lemuel_round_altar
D:6:      kennysheep_generic_room_4
D:7:      minmay_temple_entry_mist
D:8:      serial_shops, shop, grunt_ogre_cave
D:9:      marbit_many_paths, hangedman_decor_points, minmay_crystal_room
D:10:     dragon1_lemuel, nicolae_gozag_seed_capital
D:11:     david_lair_shrubbed, basic_altar, hangedman_tell_no_tales
D:12:     hiddenorc2_lemuel, lab_entry_generic, serial_bayou_pond_a, uniq_azrael
Temple:   regret_index_temple_sphere_string

Table legend:
 A = Turns spent in this place as a percentage of turns spent in the entire game.
 B = Non-inter-level travel turns spent in this place as a percentage of non-inter-level travel turns spent in the entire game.
 C = Inter-level travel turns spent in this place as a percentage of turns spent in this place.
 D = Turns resting spent in this place as a percentage of non-inter-level travel turns spent in this place.
 E = Turns spent auto-exploring this place as a percentage of non-inter-level travel turns spent in this place.
 F = Non-inter-level travel turns spent in this place divided by the number of levels of this place that you've seen.
                   A       B       C       D       E      F
               +-------+-------+-------+-------+-------+----------------------
         Total | 100.0 | 100.0 |   2.2 |   9.7 |  46.3 | 979.5
       Dungeon |  82.0 |  81.7 |   2.6 |  11.9 |  55.5 | 934.2
        Temple |   1.2 |   1.1 |   8.9 |   0.0 |  89.0 | 154.0
     Labyrinth |  16.8 |  17.1 |   0.0 |   0.0 |   0.0 | 2349.0
               +-------+-------+-------+-------+-------+----------------------

Table legend:
 A = Kills in this place as a percentage of kills in entire the game.
 B = Kills by you in this place as a percentage of kills by you in the entire game.
 C = Kills by friends in this place as a percentage of kills by friends in the entire game.
 D = Other kills in this place as a percentage of other kills in the entire game.
 E = Experience gained in this place as a percentage of experience gained in the entire game.
 F = Experience gained in this place divided by the number of levels of this place that you have seen.
                   A       B       C       D       E      F
               +-------+-------+-------+-------+-------+----------------------
         Total | 100.0 | 100.0 |   N/A | 100.0 | 100.0 | 1765.9
       Dungeon |  99.7 |  99.7 |   N/A | 100.0 |  95.3 | 1964.3
     Labyrinth |   0.3 |   0.3 |   N/A |   0.0 |   4.7 | 1151.0
               +-------+-------+-------+-------+-------+----------------------
